 Dungeon Crawl Stone Soup version 0.26-a0-958-gf3041fb45f (webtiles) character file.

Game seed: 7950505993223578043

1003 miscthings the Vexing (level 8, -4/41 HPs)
             Began as a Vampire Enchanter on Nov 30, 2020.
             Slain by Duvessa (13 damage)
             ... on level 5 of the Dungeon.
             The game lasted 00:11:43 (4558 turns).

miscthings the Vexing (Vampire Enchanter)           Turns: 4558, Time: 00:11:43

Health: -4/41      AC:  6    Str:  9    XL:     8   Next: 0%
Magic:  1/15       EV: 12    Int: 18    God:
Gold:   252        SH:  0    Dex: 14    Spells: 4/16 levels left

rFire    x . .     SeeInvis +   h - +1 dagger (venom)
rCold    + + +     Faith    .   (no shield)
rNeg     + + +     Spirit   .   b - +0 robe
rPois    ∞         Reflect  .   (no helmet)
rElec    .         Harm     .   (no cloak)
rCorr    .         Rampage  .   j - +2 pair of gloves
MR       .....                  m - +0 pair of boots
Stlth    +++++.....             (no amulet)
HPRegen  0.00/turn              n - ring of ice
MPRegen  0.14/turn              (no ring)

@: bloodless
A: fangs 3, see invisible, unbreathing
a: Bat Form, Revivify


You were on level 5 of the Dungeon.
You visited 2 branches of the dungeon, and saw 7 of its levels.

You collected 252 gold pieces.

Inventory:

Hand Weapons
 h - a +1 dagger of venom (weapon)
Armour
 b - a +0 robe (worn)
 j - a +2 pair of gloves (worn)
 m - a +0 pair of boots (worn)
Jewellery
 n - a ring of ice (left hand)
Wands
 t - a wand of flame (20)
Scrolls
 c - 4 scrolls of teleportation
 d - 2 scrolls of amnesia
 f - a scroll of magic mapping
 g - 7 scrolls of remove curse
 k - a scroll of enchant weapon {unknown}
 l - a scroll of noise {unknown}
 s - 2 scrolls of identify {@r1}
Potions
 a - 3 potions of heal wounds
 e - 3 potions of curing
 i - 5 potions of haste
 o - a potion of lignification
 p - a potion of cancellation {unknown}
 q - a potion of magic {unknown}
 r - a potion of attraction {unknown}


   Skills:
 + Level 5.7 Short Blades
 - Level 2.1 Dodging
 - Level 4.5 Stealth
 + Level 4.9 Spellcasting
 - Level 7.0 Hexes
 + Level 4.0 Ice Magic


You had 4 spell levels left.
You knew the following spells:

 Your Spells              Type           Power        Failure   Level
a - Ensorcelled Hibernat  Hex/Ice        #####.       1%          2
b - Corona                Hex            ####...      1%          1
c - Tukima's Dance        Hex            ####....     2%          3
d - Confusing Touch       Hex            ####....     2%          3
z - Frozen Ramparts       Ice            ####..       8%          3

Your spell library contained the following spells:

 Spells                   Type           Power        Failure   Level
 Freeze                   Ice            ####         2%          1
 Ozocubu's Armour         Ice            ####....     8%          3
 Dazzling Flash           Conj/Hex       ###...       10%         3
 Animate Skeleton         Necr           #.....       14%         1
 Apportation              Tloc           #.....       14%         1
 Summon Small Mammal      Summ           #...         14%         1
 Hailstorm                Conj/Ice       ###.....     50%         4
 Summon Ice Beast         Ice/Summ       ###.....     50%         4


Dungeon Overview and Level Annotations

Branches:
Dungeon (6/15)             Temple (1/1) D:4

Altars:
Ashenzari
Cheibriados
Dithmenos
Elyvilon
Fedhas
Gozag
Hepliaklqana
Kikubaaqudgha
Makhleb
Qazlal
Ru
Trog
Wu Jian
Xom
Yredelemnul
Zin

Annotations:
D:5 Duvessa


Innate Abilities, Weirdness & Mutations

You do not regenerate when monsters are visible.
You are frail without blood (-20% HP).
You can heal yourself when you bite living creatures.
You are immune to poison.
You have razor-sharp teeth.
You have supernaturally acute eyesight. (SInv)
You can survive without breathing.


Message History

Press: ? - help, Shift-Dir - straight line, f/p - Duvessa
Aim: Duvessa, wielding a +0 rapier and wearing a +0 ring mail (heavily wounded, berserk, chance to defeat MR: 51%) Duvessa resists with significant effort.
The wall freezes Duvessa.
Duvessa hits you with a +0 rapier!!
The wall freezes the water moccasin!
The water moccasin seems to slow down.
The wall freezes Duvessa.
The wall freezes the water moccasin.
The water moccasin seems to slow down.
Casting: Tukima's Dance (dangerous; 2% risk of failure)
Confirm with . or Enter, or press ? or * to list all spells.
Aiming: Tukima's Dance (dangerous; 2% risk of failure)
Press: ? - help, Shift-Dir - straight line, f/p - Duvessa
Aim: Duvessa, wielding a +0 rapier and wearing a +0 ring mail (heavily wounded, berserk, chance to defeat MR: 51%)
The +0 rapier dances into the air!
The wall freezes Duvessa.
Duvessa hits you.
* * * LOW HITPOINT WARNING * * *
The wall freezes Duvessa.
Duvessa hits you but does no damage.
The wall freezes the water moccasin.
You barely miss Duvessa.
Duvessa is heavily wounded.
The frozen ramparts melt away.
Duvessa hits you!
You die...

############################
#...............@e(S.)......
#.##########################
#.# #.# =.# ### ## ##. .#.


You could see Duvessa (berserk), a water moccasin (slow) and a friendly +0
rapier.

Vanquished Creatures
  3 ice beasts (D:5)
  A bullfrog (D:6)
  2 scorpions
  Dowan (D:5)
  3 hounds
  A centaur skeleton (D:5)
  2 orc wizards
  2 worker ants (D:4)
  A killer bee zombie (D:5)
  2 hound skeletons
  9 adders
  2 white imps
  2 oozes
  2 worms
  2 dart slugs
  7 leopard geckos
  17 orcs
  2 ball pythons (D:3)
  5 bats
  5 giant cockroaches
  9 goblins
  12 hobgoblins
  15 jackals
  3 quokkas
  3 frilled lizards (D:1)
  10 kobolds
  12 rats
135 creatures vanquished.

Notes
Turn   | Place    | Note
-------+----------+-------------------------------------------
     0 | D:1      | miscthings the Vampire Enchanter began the quest for the
                  | Orb.
     0 | D:1      | Reached XP level 1. HP: 13/13 MP: 3/3
   219 | D:1      | Reached skill level 5 in Hexes
   253 | D:1      | Reached XP level 2. HP: 15/15 MP: 5/5
   258 | D:1      | Learned a level 2 spell: Ensorcelled Hibernation
   685 | D:1      | Reached XP level 3. HP: 19/19 MP: 6/6
   840 | D:2      | You fall into a shaft and drop 1 floor!
  1044 | D:3      | Reached skill level 6 in Hexes
  1044 | D:3      | Reached skill level 1 in Ice Magic
  1093 | D:3      | Reached XP level 4. HP: 18/24 MP: 4/7
  1436 | D:5      | Entered Level 5 of the Dungeon
  1494 | D:4      | Found a hazy altar of Hepliaklqana.
  1495 | D:4      | Found a shimmering altar of Xom.
  1496 | D:4      | Noticed a spectral ugly thing
  1496 | D:4      | Noticed a tyrant leech
  1535 | D:4      | Found a staircase to the Ecumenical Temple.
  1544 | Temple   | Entered the Ecumenical Temple
  1917 | D:2      | Found an opulent altar of Gozag.
  2036 | D:2      | Found a white marble altar of Elyvilon.
  2046 | D:2      | Reached XP level 5. HP: 24/28 MP: 6/9
  2582 | D:3      | Reached skill level 7 in Hexes
  3262 | D:4      | Reached XP level 6. HP: 32/32 MP: 11/11
  3430 | D:5      | Noticed an ice beast
  3437 | D:5      | Killed an ice beast
  3510 | D:5      | Found a shadowy altar of Dithmenos.
  3515 | D:5      | Noticed an ice beast
  3581 | D:5      | Killed an ice beast
  3582 | D:5      | Reached XP level 7. HP: 3/36 MP: 13/13
  3588 | D:5      | Learned a level 3 spell: Confusing Touch
  3592 | D:5      | Learned a level 3 spell: Tukima's Dance
  3596 | D:5      | Learned a level 3 spell: Frozen Ramparts
  3992 | D:5      | Reached skill level 5 in Short Blades
  4031 | D:5      | Found an ancient bone altar of Kikubaaqudgha.
  4031 | D:5      | Noticed a human
  4541 | D:5      | Noticed Dowan
  4542 | D:5      | Noticed Duvessa
  4548 | D:5      | Killed Dowan
  4549 | D:5      | Reached XP level 8. HP: 41/41 MP: 15/15
  4558 | D:5      | Slain by Duvessa

Illustrated notes

Levels and vault maps discovered:
D:1:      lemuel_arrival_broad_hall, layout_basic
D:2:      layout_basic, nicolae_gozag_cash_rules_everything_around_me,
          lemuel_round_altar
D:3:      layout_loops_corners, minmay_fractal_squares_gapless_5
D:4:      layout_rooms, regret_index_temple_of_mockery,
          minmay_temple_entry_junction
D:5:      layout_basic, kennysheep_mini, tgw_kikubaaqudgha, uniq_duvessa
D:6:      layout_cave_pods
Temple:   jpeg_temple_alley_garden

Skill      XL: |  1  2  3  4  5  6  7 |
---------------+----------------------+-----
Hexes          | 5 6 7 |  7.0
Ice Magic      | 1 2 3 4 |  4.0
Spellcasting   | 3 4 |  4.9
Short Blades   | 4 5 |  5.7
Dodging        | |  2.1
Stealth        | |  4.5

Action                   |  1- 3 |  4- 6 |  7- 9 || total
-------------------------+-------+-------+-------++-------
Melee: Dagger            |    83 |   184 |    69 ||   336
       Bite              |     4 |    15 |     6 ||    25
 Cast: Ensorcelled Hiber |    16 |    29 |     1 ||    46
       Corona            |       |     1 |       ||     1
       Frozen Ramparts   |       |       |     3 ||     3
       Tukima's Dance    |       |       |     4 ||     4
 Abil: Exsanguinate      |     1 |       |       ||     1
  Use: Scroll            |       |     6 |     2 ||     8
 Stab: Sleeping          |    23 |    49 |    12 ||    84
       Distracted        |       |     1 |       ||     1
Armor: Robe              |     8 |    53 |    12 ||    73
Dodge: Dodged            |    44 |    88 |    33 ||   165

Table legend: (Time is in decaauts)
 A = Elapsed time spent in this place.
 B = Non-inter-level travel time spent in this place.
 C = Inter-level travel time spent in this place.
 D = Time resting spent in this place.
 E = Time spent auto-exploring this place.
 F = Levels seen in this place.
 G = Mean time per level.
                   A        B        C        D        E       F      G
               +--------+--------+--------+--------+--------+-----+--------+
         Total |   4520 |   4297 |    223 |    677 |   2362 |   7 |  645.7 |
       Dungeon |   4407 |   4216 |    191 |    677 |   2310 |   6 |  734.5 |
        Temple |    112 |     80 |     32 |      0 |     52 |   1 |  112.0 |
               +--------+--------+--------+--------+--------+-----+--------+

Top non-repeatable levels by time:
     D:3: 1084 daAuts
     D:5: 1036 daAuts
     D:1: 831 daAuts
     D:2: 747 daAuts
     D:4: 640 daAuts
  Temple: 112 daAuts
     D:6: 69 daAuts
